 Dungeon Crawl Stone Soup version 0.31-a0-175-g9f7f995f2b (webtiles) character file.

Game seed: 15299022335616815745

5744 qw the Skirmisher (level 10, -5/96 HPs)
             Began as a Naga Hunter on June 17, 2023.
             Was a Priest of Okawaru.
             Slain by Amaemon
             ... wielding a +0 demon whip of venom
              (13 damage)
             ... on level 8 of the Dungeon.
             The game lasted 00:03:00 (7784 turns).

qw the Skirmisher (Naga Hunter)                     Turns: 7784, Time: 00:03:01

Health: -5/96      AC:  9    Str: 14    XL:     10   Next: 77%
Magic:  14/14      EV: 20    Int: 10    God:    Okawaru [***...]
Gold:   413        SH:  0    Dex: 18    Spells: 9/9 levels left

rFire   . . .        Y - +3 shortbow
rCold   . . .        (shield currently unavailable)
rNeg    . . .        n - +1 robe {Will+}
rPois   +            i - +2 helmet
rElec   .            (no cloak)
rCorr   .            (no gloves)
SInv    +            (no barding)
Will    ++...        o - amulet of faith
Stlth   ++++         k - +5 ring of evasion
HPRegen 0.36/turn    (no ring)
MPRegen 0.14/turn

%: faith
@: lethally poisoned (-5 -> -14), about to teleport, short of breath, heroic,
very slow
A: AC +3, large, see invisible, deformed body, poison resistance, slowness 2,
spit poison 1, naga tail 1
a: Spit Poison, Renounce Religion, Heroism


You were on level 8 of the Dungeon.
You worshipped Okawaru.
Okawaru was most pleased with you.
You visited 1 branch of the dungeon, and saw 8 of its levels.

You collected 413 gold pieces.


Innate Abilities, Weirdness & Mutations

Your serpentine skin is tough. (AC +3)
You have supernaturally acute eyesight. (SInv)
Armour fits poorly on your strangely shaped body.
Your system is resistant to poisons. (rPois)
You cover ground very slowly.
You can spit poison.
You have a snake-like lower body.


   Skills:
 - Level 8.2(13.2) Fighting
 - Level 11.1(16.1) Ranged Weapons
 - Level 2.1(7.1) Armour
 + Level 3.9(8.9) Dodging
 - Level 1.5(6.5) Stealth
 - Level 5.7 Invocations


You had 9 spell levels left.
You didn't know any spells.
Your spell library was empty.

Inventory:

Hand Weapons
 Y - a +3 shortbow (weapon)
Armour
 g - +0 steam dragon scales
 i - a +2 helmet (worn)
 l - a +1 leather armour of cold resistance
 n - a +1 robe of willpower (worn)
 r - a +1 leather armour of fire resistance
Jewellery
 k - a +5 ring of evasion (left hand)
 o - an amulet of faith (around neck)
 s - a ring of ice
Wands
 q - a wand of digging (7)
Scrolls
 j - 2 scrolls of identify
 p - a scroll of teleportation
Potions
 a - a potion of resistance
 b - a potion of enlightenment
 c - a potion of heal wounds {unknown}
 d - 3 potions of might {unknown}
 e - a potion of cancellation {unknown}
 f - a potion of berserk rage {unknown}
 h - a potion of haste {unknown}
 m - a potion of mutation {unknown}
 u - 2 potions of curing

Dungeon Overview and Level Annotations

Branches:
Dungeon (8/15)             Temple (0/1) D:6
   Lair: D:8-11

Altars:
Cheibriados
Elyvilon
Fedhas
Hepliaklqana
Kikubaaqudgha
Okawaru
Trog
Vehumet
Zin
The Shining One

Annotations:
D:8 Amaemon


Message History

You feel very sick.
You shoot an arrow. The arrow closely misses Amaemon.
You feel very sick. Amaemon barely misses you. Amaemon completely misses you.
Amaemon tail-slaps you but does no damage.
The orange demon closely misses you.
You shoot an arrow. The arrow hits Amaemon!
Amaemon is heavily wounded.
You feel sick. Amaemon misses you. Amaemon completely misses you.
Amaemon tail-slaps you but does no damage.
The orange demon stings you from afar!
You shoot an arrow. The arrow hits Amaemon.
Amaemon is severely wounded.
You feel sick.
You shoot an arrow. The arrow hits Amaemon!
Amaemon is severely wounded.
You feel sick. Amaemon closely misses you. Amaemon barely misses you. x2
The orange demon misses you.
You shoot an arrow. The arrow hits Amaemon!
Amaemon is almost dead.
You have got your breath back.
You feel sick.
Amaemon hits you with a +0 demon whip of venom!
Amaemon misses you. Amaemon closely misses you.
The orange demon completely misses you.
7783 ||| READING 2 scrolls of teleportation.
As you read the scroll of teleportation, it crumbles to dust.
You feel strangely unstable.
You feel sick. Amaemon hits you but does no damage.
You are lethally poisoned!
Amaemon completely misses you. Amaemon closely misses you.
The orange demon closely misses you.
7784 ||| INVOKING Spit Poison.
Aiming: Spit Poison (1% risk of failure)
Press: ? - help, Shift-Dir - straight line, f/p - Amaemon The splash of poison hits Amaemon!
Amaemon is almost dead.
You feel very sick.
Amaemon hits you with a +0 demon whip of venom!
You die...

##################
#.................
#.################
#@# #6# 4.# ...#
....# .....#
......# ......##


You could see Amaemon and an orange demon (curare).

Vanquished Creatures
  A two-headed ogre (D:7)
  Erica (D:8)
  Pikel (D:5)
  Joseph (D:8)
  Maggie (D:8)
  A hornet (D:6)
  A wraith (D:7)
  A wyvern (D:8)
  2 vampire mosquitoes (D:6)
  A steam dragon (D:7)
  Edmund (D:5)
  2 orc warriors
  2 sky beasts (D:6)
  2 black bears (D:5)
  An ogre (D:5)
  A centaur (D:7)
  5 phantoms
  A gnoll sergeant (D:8)
  A bullfrog (D:6)
  A scorpion (D:4)
  3 wights (D:8)
  6 killer bees (D:8)
  A howler monkey (D:6)
  4 hounds
  4 orc priests
  3 jellies
  A sleepcap (D:5)
  2 iguanas (D:6)
  11 orc wizards
  3 gnolls (D:8)
  5 adders
  A shadow imp (D:5)
  A white imp (D:7)
  An ufetubus (D:5)
  3 dart slugs
  31 orcs
  6 ball pythons
  11 endoplasms
  2 giant cockroaches (D:1)
  6 goblins
  5 hobgoblins
  2 jackals (D:1)
  2 kobolds
  4 quokkas
  4 bats
  2 frilled lizards (D:1)
152 creatures vanquished.

Notes
Turn   | Place    | Note
-------+----------+-------------------------------------------
     0 | D:1      | qw the Naga Hunter began the quest for the Orb.
     0 | D:1      | Reached XP level 1. HP: 19/19 MP: 1/1
     0 | D:1      | 0 ||| qw: Version: 0.3-a-2-g5ab2908
     0 | D:1      | 0 ||| qw: Game counter: 122
     0 | D:1      | 0 ||| qw: Always use a shield: true
     0 | D:1      | 0 ||| qw: God list: Okawaru
     0 | D:1      | 0 ||| qw: Allow faded altars: false
     0 | D:1      | 0 ||| qw: Do Orc after D:15 true
     0 | D:1      | 0 ||| qw: Do second Lair branch before Depths: true
     0 | D:1      | 0 ||| qw: Lair rune preference: random
     0 | D:1      | 0 ||| qw: Plans: Normal
     0 | D:1      | 0 ||| PLANNING D:1-11
    59 | D:1      | 59 ||| INVOKING Spit Poison.
   115 | D:1      | 115 ||| INVOKING Spit Poison.
   140 | D:1      | 140 ||| INVOKING Spit Poison.
   201 | D:1      | 201 ||| INVOKING Spit Poison.
   213 | D:1      | 213 ||| INVOKING Spit Poison.
   214 | D:1      | Reached skill level 4 in Ranged Weapons
   214 | D:1      | Reached XP level 2. HP: 26/26 MP: 2/2
   227 | D:1      | 227 ||| INVOKING Spit Poison.
   272 | D:1      | 272 ||| INVOKING Spit Poison.
   273 | D:1      | 273 ||| INVOKING Spit Poison.
   361 | D:1      | 361 ||| INVOKING Spit Poison.
   370 | D:1      | Found a faded altar of an unknown god.
   459 | D:1      | 459 ||| INVOKING Spit Poison.
   508 | D:1      | 508 ||| INVOKING Spit Poison.
   512 | D:1      | 512 ||| INVOKING Spit Poison.
   794 | D:1      | 794 ||| DROPPING scroll of butterflies.
   807 | D:2      | 807 ||| INVOKING Spit Poison.
   820 | D:2      | 820 ||| INVOKING Spit Poison.
   904 | D:2      | Reached XP level 3. HP: 32/32 MP: 3/3
   913 | D:2      | 913 ||| INVOKING Spit Poison.
  1118 | D:2      | 1118 ||| INVOKING Spit Poison.
  1123 | D:2      | 1123 ||| INVOKING Spit Poison.
  1319 | D:2      | 1319 ||| INVOKING Spit Poison.
  1676 | D:2      | 1676 ||| UPGRADING to +5 ring of evasion.
  1677 | D:2      | 1677 ||| READING scroll labelled DAUGYMO BOYST.
  1678 | D:2      | 1678 ||| READING scroll labelled ESOAQU XULUG.
  1679 | D:2      | 1679 ||| DRINKING 2 lumpy white potions.
  1680 | D:2      | 1680 ||| DROPPING potion of attraction.
  1750 | D:3      | 1750 ||| INVOKING Spit Poison.
  1759 | D:3      | 1759 ||| INVOKING Spit Poison.
  1765 | D:3      | 1765 ||| INVOKING Spit Poison.
  1768 | D:3      | 1768 ||| INVOKING Spit Poison.
  1769 | D:3      | Reached skill level 5 in Ranged Weapons
  1769 | D:3      | Reached XP level 4. HP: 29/39 MP: 4/4
  1773 | D:3      | 1773 ||| INVOKING Spit Poison.
  1779 | D:3      | 1779 ||| INVOKING Spit Poison.
  1786 | D:3      | 1786 ||| INVOKING Spit Poison.
  1788 | D:3      | Reached skill level 3 in Fighting
  1788 | D:3      | Reached XP level 5. HP: 31/49 MP: 5/5
  1856 | D:3      | 1856 ||| INVOKING Spit Poison.
  1909 | D:3      | 1909 ||| INVOKING Spit Poison.
  1915 | D:3      | 1915 ||| INVOKING Spit Poison.
  1942 | D:3      | 1942 ||| INVOKING Spit Poison.
  2030 | D:3      | Found a blossoming altar of Fedhas.
  2097 | D:3      | 2097 ||| INVOKING Spit Poison.
  2122 | D:3      | 2122 ||| INVOKING Spit Poison.
  2152 | D:3      | 2152 ||| READING scroll labelled FUFEAS YRAHU.
  2174 | D:4      | 2174 ||| INVOKING Spit Poison.
  2177 | D:4      | 2177 ||| INVOKING Spit Poison.
  2183 | D:4      | 2183 ||| INVOKING Spit Poison.
  2189 | D:4      | 2189 ||| INVOKING Spit Poison.
  2204 | D:4      | 2204 ||| INVOKING Spit Poison.
  2211 | D:4      | 2211 ||| INVOKING Spit Poison.
  2276 | D:4      | 2276 ||| INVOKING Spit Poison.
  2277 | D:4      | 2277 ||| INVOKING Spit Poison.
  2284 | D:4      | 2284 ||| INVOKING Spit Poison.
  2287 | D:4      | Reached XP level 6. HP: 47/56 MP: 6/6
  2323 | D:4      | 2323 ||| INVOKING Spit Poison.
  2335 | D:4      | 2335 ||| INVOKING Spit Poison.
  2347 | D:4      | 2347 ||| INVOKING Spit Poison.
  2352 | D:4      | Found a glowing silver altar of Zin.
  2359 | D:4      | Found an iron altar of Okawaru.
  2360 | D:4      | 2360 ||| PLANNING OKAWARU WORSHIP
  2367 | D:4      | Became a worshipper of Warmaster Okawaru
  2368 | D:4      | 2368 ||| PLANNING D:1-11
  2372 | D:4      | Found an ancient bone altar of Kikubaaqudgha.
  2409 | D:4      | Reached skill level 6 in Ranged Weapons
  2486 | D:4      | 2486 ||| INVOKING Spit Poison.
  2584 | D:4      | 2584 ||| INVOKING Spit Poison.
  2585 | D:4      | 2585 ||| INVOKING Spit Poison.
  2871 | D:4      | 2871 ||| UPGRADING to +2 helmet.
  2876 | D:4      | 2876 ||| READING scroll labelled PEKUT PIRANUAH.
  2877 | D:4      | 2877 ||| READING scroll labelled AQUUGI TAOSA.
  2891 | D:5      | Entered Level 5 of the Dungeon
  2893 | D:5      | 2893 ||| INVOKING Spit Poison.
  2900 | D:5      | 2900 ||| INVOKING Spit Poison.
  2904 | D:5      | 2904 ||| INVOKING Spit Poison.
  2932 | D:5      | 2932 ||| INVOKING Spit Poison.
  2938 | D:5      | 2938 ||| Stepping ~*~*~tactically~*~*~ (outnumbered).
  2941 | D:5      | 2941 ||| INVOKING Spit Poison.
  2948 | D:5      | 2948 ||| INVOKING Spit Poison.
  2953 | D:5      | 2953 ||| Stepping ~*~*~tactically~*~*~ (outnumbered).
  2954 | D:5      | 2954 ||| INVOKING Spit Poison.
  2957 | D:5      | 2957 ||| INVOKING Spit Poison.
  2969 | D:5      | HP: 11/57 [orc wizard/magic dart (6)]
  2971 | D:5      | 2971 ||| INVOKING Spit Poison.
  2972 | D:5      | Reached XP level 7. HP: 13/64 MP: 7/7
  3155 | D:5      | 3155 ||| INVOKING Spit Poison.
  3164 | D:5      | Noticed Pikel
  3165 | D:5      | 3165 ||| INVOKING Spit Poison.
  3169 | D:5      | 3169 ||| INVOKING Spit Poison.
  3173 | D:5      | 3173 ||| INVOKING Spit Poison.
  3177 | D:5      | 3177 ||| INVOKING Spit Poison.
  3183 | D:5      | 3183 ||| INVOKING Spit Poison.
  3184 | D:5      | HP: 16/64 [Pikel/+1 whip of flaming (8)]
  3186 | D:5      | 3186 ||| INVOKING Spit Poison.
  3186 | D:5      | Killed Pikel
  3186 | D:5      | Reached * piety under Okawaru
  3186 | D:5      | Reached ** piety under Okawaru
  3187 | D:5      | Reached skill level 8 in Ranged Weapons
  3187 | D:5      | Reached XP level 8. HP: 18/72 MP: 8/8
  3187 | D:5      | 3187 ||| INVOKING Heroism.
  3188 | D:5      | 3188 ||| INVOKING Heroism.
  3191 | D:5      | 3191 ||| INVOKING Spit Poison.
  3194 | D:5      | Reached skill level 1 in Invocations
  3197 | D:5      | 3197 ||| INVOKING Spit Poison.
  3201 | D:5      | 3201 ||| INVOKING Heroism.
  3204 | D:5      | 3204 ||| INVOKING Spit Poison.
  3204 | D:5      | HP: 9/72 [shadow imp/nerve-wracking pain (12)]
  3441 | D:5      | Found a hazy altar of Hepliaklqana.
  3472 | D:5      | 3472 ||| DROPPING +0 sling of draining.
  3498 | D:5      | Found a radiant altar of Vehumet.
  3551 | D:5      | 3551 ||| INVOKING Spit Poison.
  3558 | D:5      | Found a snail-covered altar of Cheibriados.
  3611 | D:5      | 3611 ||| READING scroll of enchant weapon.
  3611 | D:5      | 3611 ||| ENCHANTING +1 shortbow.
  3656 | D:5      | 3656 ||| INVOKING Heroism.
  3657 | D:5      | 3657 ||| INVOKING Spit Poison.
  3714 | D:5      | Noticed Edmund
  3715 | D:5      | 3715 ||| INVOKING Heroism.
  3719 | D:5      | 3719 ||| INVOKING Spit Poison.
  3723 | D:5      | 3723 ||| INVOKING Spit Poison.
  3729 | D:5      | 3729 ||| INVOKING Spit Poison.
  3730 | D:5      | 3730 ||| INVOKING Heroism.
  3735 | D:5      | 3735 ||| INVOKING Spit Poison.
  3736 | D:5      | Killed Edmund
  3836 | D:5      | 3836 ||| INVOKING Heroism.
  3837 | D:5      | 3837 ||| INVOKING Spit Poison.
  3845 | D:5      | 3845 ||| INVOKING Spit Poison.
  3847 | D:5      | Reached skill level 3 in Invocations
  3865 | D:5      | You fall into a shaft and drop 3 floors!
  3874 | D:8      | 3874 ||| INVOKING Spit Poison.
  3877 | D:8      | 3877 ||| INVOKING Spit Poison.
  3883 | D:8      | 3883 ||| INVOKING Spit Poison.
  3889 | D:8      | 3889 ||| INVOKING Spit Poison.
  3891 | D:8      | 3891 ||| INVOKING Heroism.
  4051 | D:8      | 4051 ||| INVOKING Heroism.
  4086 | D:8      | 4086 ||| UPGRADING to amulet of faith.
  4091 | D:8      | 4091 ||| READING scroll labelled TOANNO NODYS.
  4092 | D:8      | 4092 ||| DRINKING 2 fizzy emerald potions.
  4095 | D:8      | Noticed Erica
  4096 | D:8      | 4096 ||| INVOKING Heroism.
  4097 | D:8      | 4097 ||| INVOKING Spit Poison.
  4101 | D:8      | 4101 ||| INVOKING Spit Poison.
  4105 | D:8      | 4105 ||| INVOKING Spit Poison.
  4108 | D:8      | 4108 ||| INVOKING Heroism.
  4109 | D:8      | 4109 ||| INVOKING Spit Poison.
  4111 | D:8      | 4111 ||| DRINKING potion of curing.
  4111 | D:8      | 4111 ||| (to cure confusion)
  4112 | D:8      | 4112 ||| INVOKING Spit Poison.
  4116 | D:8      | 4116 ||| INVOKING Spit Poison.
  4116 | D:8      | Killed Erica
  4117 | D:8      | Reached skill level 9 in Ranged Weapons
  4117 | D:8      | Reached XP level 9. HP: 55/81 MP: 8/13
  4199 | D:7      | 4199 ||| UPGRADING to +1 robe of willpower.
  4209 | D:7      | 4209 ||| DROPPING +0 leather armour.
  4215 | D:6      | Found a bloodstained altar of Trog.
  4218 | D:6      | 4218 ||| INVOKING Spit Poison.
  4224 | D:6      | 4224 ||| INVOKING Spit Poison.
  4232 | D:6      | 4232 ||| INVOKING Spit Poison.
  4325 | D:6      | 4325 ||| INVOKING Spit Poison.
  4353 | D:6      | 4353 ||| INVOKING Spit Poison.
  4361 | D:6      | 4361 ||| INVOKING Spit Poison.
  4364 | D:6      | Reached skill level 3 in Dodging
  4366 | D:6      | 4366 ||| INVOKING Spit Poison.
  4374 | D:6      | 4374 ||| INVOKING Spit Poison.
  4484 | D:6      | Found a white marble altar of Elyvilon.
  4505 | D:6      | 4505 ||| INVOKING Spit Poison.
  4562 | D:6      | 4562 ||| INVOKING Heroism.
  4582 | D:6      | Reached *** piety under Okawaru
  4583 | D:6      | Reached skill level 6 in Fighting
  4766 | D:6      | 4766 ||| READING 2 scrolls of identify.
  4766 | D:6      | 4766 ||| IDENTIFYING bubbling pink potion
  4767 | D:6      | 4767 ||| DROPPING potion of ambrosia.
  4773 | D:6      | 4773 ||| INVOKING Spit Poison.
  4822 | D:5      | Found a glowing golden altar of the Shining One.
  4834 | D:5      | 4834 ||| INVOKING Spit Poison.
  4903 | D:5      | 4903 ||| READING scroll labelled DARANA PIOXT.
  5024 | D:5      | 5024 ||| READING scroll labelled ARHEYCHEFO.
  5042 | D:6      | 5042 ||| READING scroll of enchant weapon.
  5042 | D:6      | 5042 ||| ENCHANTING +2 shortbow.
  5069 | D:6      | 5069 ||| INVOKING Heroism.
  5069 | D:6      | Noticed a hornet
  5070 | D:6      | 5070 ||| INVOKING Spit Poison.
  5077 | D:6      | 5077 ||| INVOKING Spit Poison.
  5082 | D:6      | Killed a hornet
  5083 | D:6      | Reached skill level 10 in Ranged Weapons
  5086 | D:6      | 5086 ||| INVOKING Spit Poison.
  5093 | D:6      | 5093 ||| INVOKING Spit Poison.
  5277 | D:6      | Found a staircase to the Ecumenical Temple.
  5324 | D:6      | 5324 ||| INVOKING Spit Poison.
  5328 | D:6      | 5328 ||| INVOKING Spit Poison.
  5538 | D:6      | 5538 ||| INVOKING Spit Poison.
  5541 | D:6      | 5541 ||| INVOKING Spit Poison.
  5608 | D:6      | 5608 ||| INVOKING Spit Poison.
  5611 | D:6      | Reached XP level 10. HP: 92/92 MP: 14/14
  5650 | D:6      | 5650 ||| READING scroll labelled ZOTHYS KIDGHOOH.
  5651 | D:6      | 5651 ||| DRINKING 2 pink potions.
  5731 | D:7      | Noticed a two-headed ogre
  5732 | D:7      | 5732 ||| INVOKING Heroism.
  5737 | D:7      | 5737 ||| INVOKING Spit Poison.
  5743 | D:7      | 5743 ||| INVOKING Spit Poison.
  5745 | D:7      | Killed a two-headed ogre
  5787 | D:7      | 5787 ||| INVOKING Heroism.
  5789 | D:7      | 5789 ||| Stepping ~*~*~tactically~*~*~ (outnumbered).
  5790 | D:7      | 5790 ||| Stepping ~*~*~tactically~*~*~ (outnumbered).
  5791 | D:7      | 5791 ||| INVOKING Spit Poison.
  5798 | D:7      | 5798 ||| INVOKING Spit Poison.
  5807 | D:7      | 5807 ||| INVOKING Spit Poison.
  6039 | D:7      | 6039 ||| INVOKING Spit Poison.
  6041 | D:7      | 6041 ||| INVOKING Heroism.
  6044 | D:7      | 6044 ||| INVOKING Spit Poison.
  6051 | D:7      | 6051 ||| INVOKING Spit Poison.
  6055 | D:7      | 6055 ||| INVOKING Spit Poison.
  6167 | D:7      | 6167 ||| INVOKING Heroism.
  6320 | D:7      | 6320 ||| INVOKING Heroism.
  6321 | D:7      | 6321 ||| INVOKING Spit Poison.
  6322 | D:7      | 6322 ||| Stepping ~*~*~tactically~*~*~ (cloud).
  6326 | D:7      | 6326 ||| Stepping ~*~*~tactically~*~*~ (cloud).
  6329 | D:7      | 6329 ||| INVOKING Spit Poison.
  6333 | D:7      | 6333 ||| Stepping ~*~*~tactically~*~*~ (cloud).
  6472 | D:7      | 6472 ||| INVOKING Spit Poison.
  6480 | D:7      | 6480 ||| INVOKING Spit Poison.
  6736 | D:7      | Identified the +1 hat of Ukliczes {rPois}
  7034 | D:7      | 7034 ||| DROPPING +1 hat of Ukliczes {rPois}.
  7035 | D:7      | 7035 ||| READING 2 scrolls labelled HOIR ORUJI.
  7040 | D:7      | 7040 ||| READING 2 scrolls labelled MOUCOCLAZXA.
  7041 | D:7      | 7041 ||| READING scroll labelled DIXUET QIMA.
  7042 | D:7      | 7042 ||| DRINKING 2 fizzy red potions.
  7043 | D:7      | 7043 ||| DRINKING 2 sedimented clear potions.
  7044 | D:7      | 7044 ||| DRINKING 2 cyan potions.
  7045 | D:7      | 7045 ||| DROPPING potion of degeneration.
  7046 | D:7      | 7046 ||| DROPPING potion of brilliance.
  7047 | D:7      | 7047 ||| DROPPING scroll of vulnerability.
  7063 | D:8      | 7063 ||| INVOKING Spit Poison.
  7067 | D:8      | 7067 ||| INVOKING Spit Poison.
  7068 | D:8      | 7068 ||| INVOKING Heroism.
  7213 | D:8      | Noticed Maggie
  7216 | D:8      | 7216 ||| INVOKING Spit Poison.
  7223 | D:8      | 7223 ||| INVOKING Spit Poison.
  7228 | D:8      | Killed Maggie
  7229 | D:8      | Reached skill level 11 in Ranged Weapons
  7230 | D:8      | 7230 ||| INVOKING Spit Poison.
  7232 | D:8      | 7232 ||| Stepping ~*~*~tactically~*~*~ (outnumbered).
  7236 | D:8      | 7236 ||| INVOKING Spit Poison.
  7241 | D:8      | 7241 ||| INVOKING Spit Poison.
  7245 | D:8      | 7245 ||| INVOKING Spit Poison.
  7250 | D:8      | 7250 ||| INVOKING Spit Poison.
  7286 | D:8      | Noticed Joseph
  7287 | D:8      | 7287 ||| INVOKING Spit Poison.
  7294 | D:8      | 7294 ||| INVOKING Spit Poison.
  7298 | D:8      | 7298 ||| INVOKING Heroism.
  7299 | D:8      | 7299 ||| INVOKING Spit Poison.
  7304 | D:8      | Killed Joseph
  7439 | D:8      | 7439 ||| INVOKING Spit Poison.
  7601 | D:8      | 7601 ||| INVOKING Spit Poison.
  7609 | D:8      | 7609 ||| INVOKING Spit Poison.
  7613 | D:8      | 7613 ||| INVOKING Spit Poison.
  7620 | D:8      | 7620 ||| INVOKING Spit Poison.
  7625 | D:8      | 7625 ||| INVOKING Spit Poison.
  7627 | D:8      | 7627 ||| INVOKING Heroism.
  7762 | D:8      | Noticed Amaemon
  7762 | D:8      | Noticed an orange demon
  7763 | D:8      | 7763 ||| INVOKING Heroism.
  7764 | D:8      | 7764 ||| INVOKING Spit Poison.
  7774 | D:8      | 7774 ||| INVOKING Spit Poison.
  7782 | D:8      | HP: 11/96 [Amaemon/+0 demon whip of venom (17)]
  7783 | D:8      | 7783 ||| READING 2 scrolls of teleportation.
  7784 | D:8      | 7784 ||| INVOKING Spit Poison.
  7784 | D:8      | Slain by Amaemon

Levels and vault maps discovered:
D:1:      lightli_arrival_statuegarden, layout_loops_corners,
          dreamdust_ecumenical_altar_grove, minmay_statues_item, hex_tiny
D:2:      layout_basic, minmay_pentomino_q4
D:3:      layout_rooms, fedhas_altar_3, reono_crystal_passage
D:4:      layout_basic, minmay_overflow_temple_star_quad
D:5:      layout_rooms, kennysheep_slug_shrine, mainiacjoe_overflow_24_doors,
          mainiacjoe_overflow_tiny_flanked, nicolae_overflow_crystal_walls,
          dk_noncrumbling_2, dreamdust_mushroom_princess, uniq_edmund,
          uniq_pikel
D:6:      layout_cave_pods, elyvilon_altar_1, overflow_temple_1_default,
          minmay_temple_entry_enclosed_plants
D:7:      statuecave_lemuel, layout_loops_corners
D:8:      layout_basic, uniq_joseph, uniq_maggie, uniq_amaemon, uniq_erica

Skill      XL: |  1  2  3  4  5  6  7  8  9 10 |
---------------+-------------------------------+-----
Ranged Weapons | 4 5 6 8 9 10 11 | 11.1
Fighting       | 3 4 5 6 8 |  8.2
Dodging        | 2 3 |  3.9
Invocations    | 5 |  5.7
Armour         | 2 |  2.1
Stealth        | |  1.5

Action                     |  1- 3 |  4- 6 |  7- 9 | 10-12 || total
---------------------------+-------+-------+-------+-------++-------
   Fire: Shortbow          |    65 |    89 |   231 |   204 ||   589
 Invoke: Heroism           |       |       |    12 |     9 ||    21
Ability: Spit Poison       |    21 |    31 |    48 |    34 ||   134
    Use: Scroll            |     2 |     3 |     6 |     5 ||    16
         Potion            |     1 |       |     2 |     4 ||     7
 Armour: Leather armour    |     1 |    13 |    32 |       ||    46
         Robe              |       |       |    20 |    42 ||    62
  Dodge: Dodged            |    10 |    46 |   180 |   180 ||   416

Table legend:
 A = Non-vault XP
 B = Vault XP
 C = Vault XP percentage of total XP
 D = Non-vault monster count
 E = Vault monster count
 F = Vault count percentage of total count
                 A         B        C        D         E       F
            +---------+---------+-------+---------+---------+-------
      Total |    5776 |    2430 |  29.6 |     143 |       9 |   5.9
            +---------+---------+-------+---------+---------+-------
        D:1 |      31 |       0 |   0.0 |      17 |       0 |   0.0
        D:2 |      28 |       8 |  22.2 |      10 |       3 |  23.1
        D:3 |     125 |       0 |   0.0 |      18 |       0 |   0.0
        D:4 |     154 |       0 |   0.0 |      13 |       0 |   0.0
        D:5 |    1004 |     782 |  43.8 |      23 |       3 |  11.5
        D:6 |    1530 |       0 |   0.0 |      19 |       0 |   0.0
        D:7 |    1844 |       0 |   0.0 |      22 |       0 |   0.0
        D:8 |    1060 |    1640 |  60.7 |      21 |       3 |  12.5
            +---------+---------+-------+---------+---------+-------
